TOP OF THE 1ST |
Washington Generals batting - Pitching for Kennesaw Jets : LHP Manuel Ceja
|
Pitching: LHP Manuel Ceja
|
|
Batting: RHB David Tineo
|
0-0: Ball 1-0: Fly out, F9 (Flyball, 9S)
|
Batting: SHB Pedro Villarreal
|
0-0: Ball 1-0: Foul Ball, location: 2F 1-1: Foul Ball, location: 2F 1-2: Foul Ball, location: 2F 1-2: Ball 2-2: Foul Ball, location: 2F 2-2: Ball 3-2: Foul Ball, location: 2F 3-2: Reached on error, E1 (Groundball, 13)
|
Batting: RHB Jason Alston
|
0-0: Ball 1-0: Ball 2-0: Ball 3-0: Base on Balls
|
Batting: RHB Brant Thigpen
|
0-0: Ball 1-0: Ball 2-0: Ball 3-0: Called Strike 3-1: Foul Ball, location: 2F 3-2: Base on Balls Pedro Villarreal to third Jason Alston to second
|
Batting: RHB Chad Silander
|
0-0: DOUBLE (Line Drive, 78D) Pedro Villarreal scores Jason Alston scores Brant Thigpen to third
|
Batting: RHB Franklin Rascón
|
0-0: Ball 1-0: Foul Ball, location: 2F 1-1: Fly out, F9 (Flyball, 9LM) Runner from 3rd tags up, OUT at HOME
|
Top of the 1st over - 2 run(s), 1 hit(s), 1 error(s), 1 left on base; Washington 2 - Kennesaw 0 |
BOTTOM OF THE 1ST |
Kennesaw Jets batting - Pitching for Washington Generals : RHP Brian Scarberry
|
Pitching: RHP Brian Scarberry
|
|
Batting: RHB Juan Camacho
|
0-0: Ball 1-0: Bunt for hit - play at first, batter OUT! 1-3
|
Batting: LHB Manuel Márquez
|
0-0: Ball 1-0: Ball 2-0: Called Strike 2-1: Called Strike 2-2: Fly out, F8 (Flyball, 8RM)
|
Batting: RHB José Leyva
|
0-0: Ball 1-0: Foul Ball, location: 2F 1-1: Ball 2-1: Foul Ball, location: 2F 2-2: Ground out 5-3 (Groundball, 5)
|
Bottom of the 1st over - 0 run(s), 0 hit(s), 0 error(s), 0 left on base; Washington 2 - Kennesaw 0 |
TOP OF THE 2ND |
Washington Generals batting - Pitching for Kennesaw Jets : LHP Manuel Ceja
|
Batting: SHB Dave Gant
|
0-0: Bunt missed! 0-1: Ball 1-1: Fly out, F8 (Flyball, 8RD)
|
Batting: RHB Mike Lipide
|
0-0: SINGLE (Line Drive, 7LS)
|
Batting: RHB Thom Reppond
|
0-0: Ball 1-0: Called Strike 1-1: Called Strike 1-2: Ball 2-2: Foul Ball, location: 2F 2-2: Foul Ball, location: 2F 2-2: Strikes out swinging
|
Batting: RHB David Tineo
|
0-0: Called Strike 0-1: Swinging Strike 0-2: Ball 1-2: Foul Ball, location: 2F 1-2: Foul Ball, location: 2F 1-2: SINGLE (Flyball, 9LS) Mike Lipide to second Runner from 2nd tries for 3rd, OUT!
|
Top of the 2nd over - 0 run(s), 2 hit(s), 0 error(s), 1 left on base; Washington 2 - Kennesaw 0 |
BOTTOM OF THE 2ND |
Kennesaw Jets batting - Pitching for Washington Generals : RHP Brian Scarberry
|
Batting: RHB Vic Richards
|
0-0: Called Strike 0-1: Ball 1-1: Swinging Strike 1-2: Ball 2-2: Foul Ball, location: 2F 2-2: Ball 3-2: Fly out, F2 (Popup, 2L)
|
Batting: LHB Félix Calixto
|
0-0: Called Strike 0-1: Ball 1-1: Fly out, F7 (Flyball, 7LMF)
|
Batting: RHB José Luna
|
0-0: Fly out, F9 (Flyball, 9LS)
|
Bottom of the 2nd over - 0 run(s), 0 hit(s), 0 error(s), 0 left on base; Washington 2 - Kennesaw 0 |
TOP OF THE 3RD |
Washington Generals batting - Pitching for Kennesaw Jets : LHP Manuel Ceja
|
Batting: SHB Pedro Villarreal
|
0-0: Ball 1-0: Ball 2-0: Foul Ball, location: 2F 2-1: Foul Ball, location: 2F 2-2: Foul Ball, location: 2F 2-2: Ground out 1-3 (Groundball, 13S)
|
Batting: RHB Jason Alston
|
0-0: Swinging Strike 0-1: Called Strike 0-2: Fly out, F1 (Line Drive, 15)
|
Batting: RHB Brant Thigpen
|
0-0: Foul Ball, location: 2F 0-1: Ball 1-1: Ball 2-1: Called Strike 2-2: Foul Ball, location: 2F 2-2: Foul Ball, location: 2F 2-2: SINGLE (Flyball, 8RS)
|
Batting: RHB Chad Silander
|
0-0: Ball 1-0: SINGLE (Line Drive, 56D) Brant Thigpen to second
|
Batting: RHB Franklin Rascón
|
0-0: Called Strike 0-1: Foul Ball, location: 2F 0-2: SINGLE (Groundball, 5S) (infield hit) Brant Thigpen to third Chad Silander to second
|
Batting: SHB Dave Gant
|
0-0: Ball 1-0: Foul Ball, location: 2F 1-1: Foul Ball, location: 2F 1-2: Fly out, F8 (Line Drive, 8LD)
|
Top of the 3rd over - 0 run(s), 3 hit(s), 0 error(s), 3 left on base; Washington 2 - Kennesaw 0 |
BOTTOM OF THE 3RD |
Kennesaw Jets batting - Pitching for Washington Generals : RHP Brian Scarberry
|
Batting: RHB Juan Moreno
|
0-0: Called Strike 0-1: Foul Ball, location: 2F 0-2: Strikes out swinging
|
Batting: RHB Diego Romero
|
0-0: Called Strike 0-1: Swinging Strike 0-2: Strikes out swinging
|
Batting: RHB Lester Kwiatkowski
|
0-0: Foul Ball, location: 2F 0-1: Ball 1-1: SINGLE (Line Drive, 7S)
|
Batting: RHB Juan Camacho
|
0-0: Ball 1-0: Foul Ball, location: 2F 1-1: Foul Ball, location: 2F 1-2: Strikes out looking
|
Bottom of the 3rd over - 0 run(s), 1 hit(s), 0 error(s), 1 left on base; Washington 2 - Kennesaw 0 |
TOP OF THE 4TH |
Washington Generals batting - Pitching for Kennesaw Jets : LHP Manuel Ceja
|
Batting: RHB Mike Lipide
|
0-0: Swinging Strike 0-1: Foul Ball, location: 2F 0-2: Ball 1-2: Strikes out swinging
|
Batting: RHB Thom Reppond
|
0-0: Ball 1-0: Foul Ball, location: 2F 1-1: Foul Ball, location: 2F 1-2: Fly out, F9 (Flyball, 9)
|
Batting: RHB David Tineo
|
0-0: Swinging Strike 0-1: Ball 1-1: Called Strike 1-2: Ball 2-2: Ball 3-2: Strikes out looking
|
Top of the 4th over - 0 run(s), 0 hit(s), 0 error(s), 0 left on base; Washington 2 - Kennesaw 0 |
BOTTOM OF THE 4TH |
Kennesaw Jets batting - Pitching for Washington Generals : RHP Brian Scarberry
|
Batting: LHB Manuel Márquez
|
0-0: Ball 1-0: Fly out, F9 (Flyball, 89S)
|
Batting: RHB José Leyva
|
0-0: Ball 1-0: Ball 2-0: Called Strike 2-1: Ball 3-1: Fly out, F9 (Flyball, 89M)
|
Batting: RHB Vic Richards
|
0-0: Called Strike 0-1: Called Strike 0-2: Strikes out swinging
|
Bottom of the 4th over - 0 run(s), 0 hit(s), 0 error(s), 0 left on base; Washington 2 - Kennesaw 0 |
TOP OF THE 5TH |
Washington Generals batting - Pitching for Kennesaw Jets : LHP Manuel Ceja
|
Batting: SHB Pedro Villarreal
|
0-0: Swinging Strike 0-1: Ball 1-1: Ball 2-1: Ball 3-1: Foul Ball, location: 2F 3-2: Base on Balls
|
Batting: RHB Jason Alston
|
0-0: Called Strike 0-1: Ball 1-1: Hit by Pitch Pedro Villarreal to second
|
Batting: RHB Brant Thigpen
|
0-0: Ball 1-0: Ball 2-0: Swinging Strike 2-1: Foul Ball, location: 2F 2-2: Ball 3-2: Reached on error, E5 (Groundball, 25) Pedro Villarreal scores Jason Alston to third
|
Batting: RHB Chad Silander
|
0-0: Ball 1-0: Ball 2-0: Ball 3-0: Called Strike 3-1: Fly out, F8 (Flyball, 8LM) Runner from 3rd tags up, SCORES, no throw
|
Batting: RHB Franklin Rascón
|
0-0: Intentional Walk
|
Batting: SHB Dave Gant
|
0-0: Called Strike 0-1: Foul Ball, location: 2F 0-2: Foul Ball, location: 2F 0-2: Ball 1-2: SINGLE (Groundball, 34D) Brant Thigpen to third Franklin Rascón to second Runner from 3rd tries for Home, SAFE, throw made home
|
Batting: RHB Mike Lipide
|
0-0: Ball 1-0: Called Strike 1-1: Ball 2-1: SINGLE (Flyball, 9LM) Franklin Rascón to third Dave Gant to second Runner from 3rd tries for Home, throw and OUT! Dave Gant to third Mike Lipide to second
|
Batting: RHB Thom Reppond
|
0-0: Foul Ball, location: 2F 0-1: Swinging Strike 0-2: Ball 1-2: Ball 2-2: Foul Ball, location: 2F 2-2: SINGLE (Groundball, 6D) Dave Gant scores Mike Lipide to third Runner from 3rd tries for Home, throw and OUT!
|
Top of the 5th over - 4 run(s), 3 hit(s), 1 error(s), 1 left on base; Washington 6 - Kennesaw 0 |
BOTTOM OF THE 5TH |
Kennesaw Jets batting - Pitching for Washington Generals : RHP Brian Scarberry
|
Batting: LHB Félix Calixto
|
0-0: Ball 1-0: Ball 2-0: Ball 3-0: Fly out, F7 (Flyball, 7)
|
Batting: RHB José Luna
|
0-0: Ball 1-0: Swinging Strike 1-1: Foul Ball, location: 2F 1-2: Foul Ball, location: 2F 1-2: Ground out 5-3 (Groundball, 5)
|
Batting: RHB Juan Moreno
|
0-0: Ball 1-0: Ball 2-0: Foul Ball, location: 2F 2-1: Called Strike 2-2: Ball 3-2: SINGLE (Flyball, 9LS)
|
Batting: RHB Diego Romero
|
0-0: Called Strike 0-1: Called Strike 0-2: Ball 1-2: Strikes out swinging
|
Bottom of the 5th over - 0 run(s), 1 hit(s), 0 error(s), 1 left on base; Washington 6 - Kennesaw 0 |
TOP OF THE 6TH |
Washington Generals batting - Pitching for Kennesaw Jets : LHP Manuel Ceja
|
Pitching: RHP Leo Gabb
|
|
Batting: RHB David Tineo
|
0-0: Foul Ball, location: 2F 0-1: Called Strike 0-2: Ball 1-2: Strikes out swinging
|
Batting: SHB Pedro Villarreal
|
0-0: Ball 1-0: Foul Ball, location: 2F 1-1: Foul Ball, location: 2F 1-2: Ball 2-2: Ball 3-2: Strikes out swinging
|
Batting: RHB Jason Alston
|
0-0: Ball 1-0: Ball 2-0: Called Strike 2-1: Foul Ball, location: 2F 2-2: Strikes out looking
|
Top of the 6th over - 0 run(s), 0 hit(s), 0 error(s), 0 left on base; Washington 6 - Kennesaw 0 |
BOTTOM OF THE 6TH |
Kennesaw Jets batting - Pitching for Washington Generals : RHP Brian Scarberry
|
Batting: RHB Lester Kwiatkowski
|
0-0: Foul Ball, location: 2F 0-1: Swinging Strike 0-2: Strikes out looking
|
Batting: RHB Juan Camacho
|
0-0: Ball 1-0: Foul Ball, location: 2F 1-1: Ball 2-1: Foul Ball, location: 2F 2-2: Strikes out swinging
|
Batting: LHB Manuel Márquez
|
0-0: Called Strike 0-1: Ground out 1-3 (Groundball, 13S)
|
Bottom of the 6th over - 0 run(s), 0 hit(s), 0 error(s), 0 left on base; Washington 6 - Kennesaw 0 |
TOP OF THE 7TH |
Washington Generals batting - Pitching for Kennesaw Jets : RHP Leo Gabb
|
Batting: RHB Brant Thigpen
|
0-0: Ball 1-0: Ball 2-0: Ground out 4-3 (Groundball, 4)
|
Batting: RHB Chad Silander
|
0-0: Called Strike 0-1: Foul Ball, location: 2F 0-2: Ball 1-2: SINGLE (Line Drive, 6M)
|
Batting: RHB Franklin Rascón
|
0-0: Ball 1-0: Foul Ball, location: 2F 1-1: Foul Ball, location: 2F 1-2: Ball 2-2: Strikes out swinging
|
Batting: SHB Dave Gant
|
0-0: Called Strike 0-1: Foul Ball, location: 2F 0-2: Ball Wild Pitch! Chad Silander to second 1-2: Ball 2-2: Ball 3-2: Foul Ball, location: 2F 3-2: Foul Ball, location: 2F 3-2: Foul Ball, location: 2F 3-2: SINGLE (Line Drive, 4MD) Chad Silander to third Chad Silander scores
|
Batting: RHB Mike Lipide
|
0-0: Ball Dave Gant steals 2nd base 1-0: Fly out, F8 (Flyball, 8LM)
|
Top of the 7th over - 1 run(s), 2 hit(s), 0 error(s), 1 left on base; Washington 7 - Kennesaw 0 |
BOTTOM OF THE 7TH |
Kennesaw Jets batting - Pitching for Washington Generals : RHP Brian Scarberry
|
Batting: RHB José Leyva
|
0-0: Called Strike 0-1: Reached on error, E5 (Groundball, 56)
|
Batting: RHB Vic Richards
|
0-0: Foul Ball, location: 2F 0-1: Ball 1-1: Foul Ball, location: 2F 1-2: Ball 2-2: Foul Ball, location: 2F 2-2: Fly out, F9 (Flyball, 89S)
|
Batting: LHB Félix Calixto
|
0-0: Ball 1-0: Foul Ball, location: 2F 1-1: Swinging Strike 1-2: Ball 2-2: Strikes out looking
|
Batting: RHB José Luna
|
0-0: Ball Wild Pitch! José Leyva to second 1-0: Ball 2-0: Fly out, F6 (Popup, 6S)
|
Bottom of the 7th over - 0 run(s), 0 hit(s), 1 error(s), 1 left on base; Washington 7 - Kennesaw 0 |
TOP OF THE 8TH |
Washington Generals batting - Pitching for Kennesaw Jets : RHP Leo Gabb
|
Batting: RHB Thom Reppond
|
0-0: Ball 1-0: SOLO HOME RUN (Flyball, 7D), Distance : 381 ft
|
Batting: RHB David Tineo
|
0-0: Ball 1-0: Ball 2-0: Called Strike 2-1: Called Strike 2-2: Strikes out swinging
|
Batting: SHB Pedro Villarreal
|
0-0: Ball 1-0: Ball 2-0: Swinging Strike 2-1: Foul Ball, location: 2F 2-2: Foul Ball, location: 2F 2-2: Fly out, F7 (Flyball, 7)
|
Batting: RHB Jason Alston
|
0-0: Called Strike 0-1: Foul Ball, location: 2F 0-2: Ball 1-2: Strikes out looking
|
Top of the 8th over - 1 run(s), 1 hit(s), 0 error(s), 0 left on base; Washington 8 - Kennesaw 0 |
BOTTOM OF THE 8TH |
Kennesaw Jets batting - Pitching for Washington Generals : RHP Brian Scarberry
|
Now at 3B: Júlio Rodríguez
|
|
Batting: RHB Juan Moreno
|
0-0: Foul Ball, location: 2F 0-1: Called Strike 0-2: Ball 1-2: Ball 2-2: Strikes out looking
|
Batting: RHB Diego Romero
|
0-0: Called Strike 0-1: Ball 1-1: Called Strike 1-2: Foul Ball, location: 2F 1-2: Fly out, F6 (Line Drive, 6)
|
Batting: RHB Lester Kwiatkowski
|
0-0: Called Strike 0-1: Swinging Strike 0-2: Ball 1-2: Ball 2-2: Ball 3-2: Foul Ball, location: 2F 3-2: Foul Ball, location: 2F 3-2: Fly out, F8 (Flyball, 8RM)
|
Bottom of the 8th over - 0 run(s), 0 hit(s), 0 error(s), 0 left on base; Washington 8 - Kennesaw 0 |
TOP OF THE 9TH |
Washington Generals batting - Pitching for Kennesaw Jets : RHP Leo Gabb
|
Pitching: LHP Carlos Calderón
|
|
Batting: RHB Brant Thigpen
|
0-0: Foul Ball, location: 2F 0-1: Ball 1-1: DOUBLE (Flyball, 89M)
|
Batting: RHB Chad Silander
|
0-0: Reached on error, E6 (Groundball, 6) Brant Thigpen to third
|
Batting: RHB Franklin Rascón
|
0-0: Ball 1-0: Ball 2-0: Foul Ball, location: 2F 2-1: Ball 3-1: Base on Balls Chad Silander to second
|
Batting: SHB Dave Gant
|
0-0: Ball 1-0: Called Strike 1-1: Called Strike 1-2: Ball 2-2: Foul Ball, location: 2F 2-2: Foul Ball, location: 2F 2-2: Ball 3-2: DOUBLE (Groundball, 5L) Brant Thigpen scores Chad Silander scores Franklin Rascón to third
|
Batting: RHB Mike Lipide
|
0-0: Called Strike 0-1: Fly out, F7 (Flyball, 78M) Runner from 3rd tags up, SCORES, throw made
|
Batting: RHB Thom Reppond
|
0-0: Called Strike 0-1: Swinging Strike 0-2: Ball 1-2: Ball 2-2: Ball 3-2: Foul Ball, location: 2F 3-2: Foul Ball, location: 2F 3-2: Base on Balls
|
Batting: RHB David Tineo
|
0-0: Foul Ball, location: 2F 0-1: Fly out, F8 (Flyball, 8LM)
|
Batting: RHB Júlio Rodríguez
|
0-0: Ball 1-0: Called Strike 1-1: Foul Ball, location: 2F 1-2: Ball 2-2: Ball 3-2: Strikes out looking
|
Top of the 9th over - 3 run(s), 2 hit(s), 1 error(s), 2 left on base; Washington 11 - Kennesaw 0 |
BOTTOM OF THE 9TH |
Kennesaw Jets batting - Pitching for Washington Generals : RHP Brian Scarberry
|
Now at C: Manny Cardoza
|
|
Now at 1B: Mauro Deleón
|
|
Now at 2B: Ricardo Sandoval
|
|
Batting: RHB Juan Camacho
|
0-0: Ball 1-0: Called Strike 1-1: Ground out 6-3 (Groundball, 6)
|
Pitching: LHP Luis Ruíz
|
|
Batting: LHB Manuel Márquez
|
0-0: Swinging Strike 0-1: Ball 1-1: Called Strike 1-2: Strikes out swinging
|
Batting: RHB José Leyva
|
0-0: Called Strike 0-1: Fly out, F7 (Line Drive, 7LM)
|
Bottom of the 9th over - 0 run(s), 0 hit(s), 0 error(s), 0 left on base; Washington 11 - Kennesaw 0 |
|